NCAA
BOSTON COLLEGE EAGLES @ CINCINNATI BEARCATS
05/08/2027
 
TOP OF THE 1ST
Boston College Eagles batting - Pitching for Cincinnati Bearcats : LHP Carlos Cortéz
Pitching: LHP Carlos Cortéz
Batting: RHB Alan Mercado 0-0: Swinging Strike
0-1: Ball
1-1: Foul Ball, location: 2F
1-2: Fly out, F5 (Line Drive, 56)
Batting: RHB Armando Blanco 0-0: Ball
1-0: Fly out, F4 (Line Drive, 4)
Batting: RHB Justin Waterston 0-0: Foul Ball, location: 2F
0-1: SINGLE (Line Drive, 8LM)
Batting: LHB Rafael Yan 0-0: Called Strike
0-1: Called Strike
0-2: Ball
1-2: Ground out 4-3 (Groundball, 4M)
Top of the 1st over - 0 run(s), 1 hit(s), 0 error(s), 1 left on base; Boston College 0 - Cincinnati 0
BOTTOM OF THE 1ST
Cincinnati Bearcats batting - Pitching for Boston College Eagles : RHP Hoyt Baldwin
Pitching: RHP Hoyt Baldwin
Batting: SHB Pete Potter 0-0: Called Strike
0-1: Swinging Strike
0-2: Ground out U3 (Groundball, 34)
Batting: RHB Ed Fuhrman 0-0: Ball
1-0: Ball
2-0: Reached on error, E4 (Groundball, 4)
Batting: RHB Henry Haines 0-0: Ball
1-0: Swinging Strike
1-1: SINGLE (Groundball, 6MD)
Ed Fuhrman to second
Runner from 2nd tries for 3rd, SAFE, throw made to third
Batting: SHB Miguel Price 0-0: Foul Ball, location: 2F
0-1: Ball
1-1: Swinging Strike
1-2: Ball
2-2: Foul Ball, location: 2F
2-2: Ball
3-2: Strikes out swinging
Batting: RHB Dave Richards 0-0: Called Strike
0-1: Fly out, F8 (Flyball, 8RM)
Bottom of the 1st over - 0 run(s), 1 hit(s), 1 error(s), 2 left on base; Boston College 0 - Cincinnati 0
TOP OF THE 2ND
Boston College Eagles batting - Pitching for Cincinnati Bearcats : LHP Carlos Cortéz
Batting: LHB Dave Thompson 0-0: Called Strike
0-1: Ball
1-1: Called Strike
1-2: Strikes out swinging
Batting: RHB Jason Sears 0-0: Called Strike
0-1: Ball
1-1: Bunt missed!
1-2: Foul Ball, location: 2F
1-2: Ball
2-2: Ball
3-2: Base on Balls
Batting: LHB Juan Cuestas 0-0: Grounds into double play, 1-6-3 (Groundball, 13S)
Top of the 2nd over - 0 run(s), 0 hit(s), 0 error(s), 0 left on base; Boston College 0 - Cincinnati 0
BOTTOM OF THE 2ND
Cincinnati Bearcats batting - Pitching for Boston College Eagles : RHP Hoyt Baldwin
Batting: RHB Dave Sawyer 0-0: Ground out 5-3 (Groundball, 5L)
Batting: LHB Caleb Ruíz 0-0: Foul Ball, location: 2F
0-1: Ball
1-1: Reached on error, E6 (Groundball, 6)
Batting: SHB Troy Abreu 0-0: Called Strike
0-1: Foul Ball, location: 2F
0-2: Ball
1-2: Strikes out looking
Batting: RHB Larry O'Sheill 0-0: Foul Ball, location: 2F
0-1: Ball
1-1: Swinging Strike
1-2: Ball
2-2: Strikes out swinging
Bottom of the 2nd over - 0 run(s), 0 hit(s), 1 error(s), 1 left on base; Boston College 0 - Cincinnati 0
TOP OF THE 3RD
Boston College Eagles batting - Pitching for Cincinnati Bearcats : LHP Carlos Cortéz
Batting: RHB Al Williamson 0-0: Swinging Strike
0-1: Called Strike
0-2: Fly out, F9 (Flyball, 9)
Batting: SHB Marvin MacGeoch 0-0: Called Strike
0-1: Ball
1-1: Called Strike
1-2: Ball
2-2: Strikes out swinging
Batting: RHB Alan Mercado 0-0: Ball
1-0: Ball
2-0: Ball
3-0: Base on Balls
Batting: RHB Armando Blanco 0-0: Foul Ball, location: 2F
0-1: Ball
1-1: Ball
2-1: Fly out, F9 (Flyball, 9LM)
Top of the 3rd over - 0 run(s), 0 hit(s), 0 error(s), 1 left on base; Boston College 0 - Cincinnati 0
BOTTOM OF THE 3RD
Cincinnati Bearcats batting - Pitching for Boston College Eagles : RHP Hoyt Baldwin
Batting: SHB Pete Potter 0-0: Ball
1-0: Foul Ball, location: 2F
1-1: Foul Ball, location: 2F
1-2: Strikes out swinging
Batting: RHB Ed Fuhrman 0-0: Fly out, F8 (Flyball, 8RS)
Batting: RHB Henry Haines 0-0: Ball
1-0: Ball
2-0: Foul Ball, location: 2F
2-1: Foul Ball, location: 2F
2-2: Ball
3-2: Reached on error, E3 (Groundball, 34)
Batting: SHB Miguel Price 0-0: Fly out, F9 (Line Drive, 9)
Bottom of the 3rd over - 0 run(s), 0 hit(s), 1 error(s), 1 left on base; Boston College 0 - Cincinnati 0
TOP OF THE 4TH
Boston College Eagles batting - Pitching for Cincinnati Bearcats : LHP Carlos Cortéz
Batting: RHB Justin Waterston 0-0: Called Strike
0-1: Ball
1-1: Ball
2-1: SINGLE (Line Drive, 34D)
Batting: LHB Rafael Yan 0-0: Called Strike
0-1: Fielders Choice at 2nd, 4-6 (Groundball, 4)
Batting: LHB Dave Thompson 0-0: Called Strike
0-1: Swinging Strike
0-2: Strikes out looking
Batting: RHB Jason Sears 0-0: 2-RUN HOME RUN (Flyball, 89XD), Distance : 364 ft
Batting: LHB Juan Cuestas 0-0: Called Strike
0-1: Ball
1-1: Swinging Strike
1-2: Ground out U3 (Groundball, 34)
Top of the 4th over - 2 run(s), 2 hit(s), 0 error(s), 0 left on base; Boston College 2 - Cincinnati 0
BOTTOM OF THE 4TH
Cincinnati Bearcats batting - Pitching for Boston College Eagles : RHP Hoyt Baldwin
Batting: RHB Dave Richards 0-0: Ball
1-0: SINGLE (Line Drive, 6M)
Batting: RHB Dave Sawyer 0-0: Ball
Dave Richards steals 2nd base
1-0: Fly out, F7 (Line Drive, 7S)
Batting: LHB Caleb Ruíz 0-0: Ball
1-0: Ball
2-0: Called Strike
2-1: Ball
3-1: Foul Ball, location: 2F
3-2: SINGLE (Groundball, 4MD)
Dave Richards to third
Runner from 3rd tries for Home, SAFE, no throw
Batting: SHB Troy Abreu 0-0: Ball
1-0: Foul Ball, location: 2F
1-1: Foul Ball, location: 2F
1-2: Foul Ball, location: 2F
1-2: Foul Ball, location: 2F
1-2: Foul Ball, location: 2F
1-2: Fielders Choice at 2nd, 4-6 (Groundball, 4)
Batting: RHB Larry O'Sheill 0-0: Ball
Troy Abreu steals 2nd base
1-0: SINGLE (Groundball, 6M) (infield hit)
Troy Abreu to third
Batting: SHB Pete Potter 0-0: Foul Ball, location: 2F
0-1: Ball
1-1: Ball
2-1: Ball
3-1: Called Strike
3-2: Foul Ball, location: 2F
3-2: Base on Balls
Larry O'Sheill to second
Pitching: RHP Mike Heath
Batting: RHB Ed Fuhrman 0-0: Ball
1-0: Ball
2-0: Ball
Wild Pitch!
Troy Abreu scores
Larry O'Sheill to third
Pete Potter to second
3-0: Called Strike
3-1: Fly out, F9 (Flyball, 9LS)
Bottom of the 4th over - 2 run(s), 3 hit(s), 0 error(s), 2 left on base; Boston College 2 - Cincinnati 2
TOP OF THE 5TH
Boston College Eagles batting - Pitching for Cincinnati Bearcats : LHP Carlos Cortéz
Batting: RHB Al Williamson 0-0: Called Strike
0-1: Ball
1-1: Fly out, F4 (Popup, 4D)
Batting: SHB Marvin MacGeoch 0-0: Called Strike
0-1: Foul Ball, location: 2F
0-2: Ground out 5-3 (Groundball, 56S)
Batting: RHB Alan Mercado 0-0: Called Strike
0-1: Foul Ball, location: 2F
0-2: Ball
1-2: Ball
2-2: Strikes out looking
Top of the 5th over - 0 run(s), 0 hit(s), 0 error(s), 0 left on base; Boston College 2 - Cincinnati 2
BOTTOM OF THE 5TH
Cincinnati Bearcats batting - Pitching for Boston College Eagles : RHP Mike Heath
Batting: RHB Henry Haines 0-0: Fly out, F8 (Flyball, 8LM)
Batting: SHB Miguel Price 0-0: Called Strike
0-1: Ball
1-1: Ball
2-1: Foul Ball, location: 2F
2-2: Strikes out swinging
Batting: RHB Dave Richards 0-0: Ball
1-0: Reached on error, E4 (Groundball, 4)
Batting: RHB Dave Sawyer 0-0: Ball
1-0: Ball
2-0: Fly out, F7 (Line Drive, 7)
Bottom of the 5th over - 0 run(s), 0 hit(s), 1 error(s), 1 left on base; Boston College 2 - Cincinnati 2
TOP OF THE 6TH
Boston College Eagles batting - Pitching for Cincinnati Bearcats : LHP Carlos Cortéz
Batting: RHB Armando Blanco 0-0: Swinging Strike
0-1: Called Strike
0-2: Ball
1-2: Ball
2-2: Ball
3-2: Base on Balls
Batting: RHB Justin Waterston 0-0: SINGLE (Groundball, 4MD)
Armando Blanco to second
Batting: LHB Rafael Yan 0-0: Swinging Strike
0-1: 3-RUN HOME RUN (Line Drive, 89XD), Distance : 375 ft
Batting: LHB Dave Thompson 0-0: Called Strike
0-1: Called Strike
0-2: Foul Ball, location: 2F
0-2: Ball
1-2: Foul Ball, location: 2F
1-2: Foul Ball, location: 2F
1-2: Strikes out looking
Pitching: RHP George Young
Batting: RHB Jason Sears 0-0: Called Strike
0-1: Ball
1-1: Swinging Strike
1-2: Foul Ball, location: 2F
1-2: Reached on error, E6 (Groundball, 6)
Batting: LHB Juan Cuestas 0-0: Ball
Jason Sears steals 2nd base
1-0: Ball
2-0: Foul Ball, location: 2F
2-1: Ground out 4-3 (Groundball, 4)
Jason Sears to third
Batting: RHB Al Williamson 0-0: Foul Ball, location: 2F
0-1: Ball
1-1: Swinging Strike
1-2: Foul Ball, location: 2F
1-2: Strikes out looking
Top of the 6th over - 3 run(s), 2 hit(s), 1 error(s), 1 left on base; Boston College 5 - Cincinnati 2
BOTTOM OF THE 6TH
Cincinnati Bearcats batting - Pitching for Boston College Eagles : RHP Mike Heath
Batting: LHB Caleb Ruíz 0-0: Ball
1-0: Ball
2-0: Ball
3-0: Base on Balls
Batting: SHB Troy Abreu 0-0: Called Strike
0-1: Foul Ball, location: 2F
0-2: Ball
1-2: Fly out, F3 (Popup, 3L)
Batting: RHB Larry O'Sheill 0-0: Ground out U3 (Groundball, 34S)
Caleb Ruíz to second
Batting: SHB Pete Potter 0-0: Called Strike
0-1: Foul Ball, location: 2F
0-2: Strikes out swinging
Bottom of the 6th over - 0 run(s), 0 hit(s), 0 error(s), 1 left on base; Boston College 5 - Cincinnati 2
TOP OF THE 7TH
Boston College Eagles batting - Pitching for Cincinnati Bearcats : RHP George Young
Batting: SHB Marvin MacGeoch 0-0: Called Strike
0-1: Ball
1-1: Foul Ball, location: 2F
1-2: Strikes out swinging
Batting: RHB Alan Mercado 0-0: Ball
1-0: Ground out 6-3 (Groundball, 6)
Batting: RHB Armando Blanco 0-0: Fly out, F6 (Popup, 4MD)
Top of the 7th over - 0 run(s), 0 hit(s), 0 error(s), 0 left on base; Boston College 5 - Cincinnati 2
BOTTOM OF THE 7TH
Cincinnati Bearcats batting - Pitching for Boston College Eagles : RHP Mike Heath
Batting: RHB Ed Fuhrman 0-0: SINGLE (Groundball, 56S) (infield hit)
Batting: RHB Henry Haines 0-0: Foul Ball, location: 2F
0-1: Foul Ball, location: 2F
0-2: Foul Ball, location: 2F
0-2: Foul Ball, location: 2F
0-2: Foul Ball, location: 2F
0-2: Ball
1-2: Foul Ball, location: 2F
1-2: SINGLE (Line Drive, 4MD)
Ed Fuhrman to second
Batting: SHB Miguel Price 0-0: Ball
1-0: Ball
2-0: Ball
3-0: Called Strike
3-1: Foul Ball, location: 2F
3-2: Base on Balls
Ed Fuhrman to third
Henry Haines to second
Batting: RHB Dave Richards 0-0: Ball
1-0: Swinging Strike
1-1: Ball
2-1: Foul Ball, location: 2F
2-2: Ball
3-2: Strikes out swinging
Batting: RHB Dave Sawyer 0-0: Ball
1-0: Swinging Strike
1-1: SINGLE (Line Drive, 7LS)
Ed Fuhrman scores
Henry Haines to third
Miguel Price to second
Batting: LHB Caleb Ruíz 0-0: Ball
1-0: Ball
2-0: Swinging Strike
2-1: Called Strike
2-2: Ball
3-2: Base on Balls
Henry Haines scores
Miguel Price to third
Dave Sawyer to second
Pitching: RHP Donnie Carpenter
Batting: SHB Troy Abreu 0-0: Called Strike
0-1: Ball
Passed Ball!
Miguel Price scores
Dave Sawyer to third
Caleb Ruíz to second
1-1: Intentional Walk
Batting: RHB Larry O'Sheill 0-0: Ball
1-0: Foul Ball, location: 2F
1-1: Fly out, F9 (Flyball, 9)
Runner from 3rd tags up, SCORES, no throw
Batting: SHB Pete Potter 0-0: Ball
1-0: Swinging Strike
1-1: Fly out, F9 (Line Drive, 9)
Bottom of the 7th over - 4 run(s), 3 hit(s), 0 error(s), 2 left on base; Boston College 5 - Cincinnati 6
TOP OF THE 8TH
Boston College Eagles batting - Pitching for Cincinnati Bearcats : RHP George Young
Batting: RHB Justin Waterston 0-0: Ball
1-0: Swinging Strike
1-1: Ball
2-1: Ball
3-1: Foul Ball, location: 2F
3-2: Strikes out swinging
Pitching: LHP Oscar Trottier
Batting: LHB Rafael Yan 0-0: Swinging Strike
0-1: Swinging Strike
0-2: Ball
1-2: Strikes out swinging
Batting: LHB Dave Thompson 0-0: Ground out 6-3 (Groundball, 6)
Top of the 8th over - 0 run(s), 0 hit(s), 0 error(s), 0 left on base; Boston College 5 - Cincinnati 6
BOTTOM OF THE 8TH
Cincinnati Bearcats batting - Pitching for Boston College Eagles : RHP Donnie Carpenter
Batting: RHB Ed Fuhrman 0-0: Called Strike
0-1: Foul Ball, location: 2F
0-2: Foul Ball, location: 2F
0-2: Strikes out swinging
Batting: RHB Henry Haines 0-0: Swinging Strike
0-1: Ball
1-1: Foul Ball, location: 2F
1-2: Ball
2-2: Ball
3-2: SINGLE (Line Drive, 78M)
Batting: SHB Miguel Price 0-0: Swinging Strike
0-1: Called Strike
0-2: Strikes out swinging
Batting: RHB Dave Richards 0-0: Ball
1-0: Swinging Strike
1-1: Ball
2-1: Called Strike
2-2: Foul Ball, location: 2F
2-2: Strikes out swinging
Bottom of the 8th over - 0 run(s), 1 hit(s), 0 error(s), 1 left on base; Boston College 5 - Cincinnati 6
TOP OF THE 9TH
Boston College Eagles batting - Pitching for Cincinnati Bearcats : LHP Oscar Trottier
Pitching: RHP Frank Scott
Batting: RHB Jason Sears 0-0: Called Strike
0-1: Ball
1-1: Ball
2-1: Ball
3-1: Called Strike
3-2: Foul Ball, location: 2F
3-2: Base on Balls
Batting: LHB Juan Cuestas 0-0: Sac Bunt - play at first, batter OUT! 5-3
Jason Sears to second
Batting: RHB Al Williamson 0-0: SINGLE (Groundball, 4D)
Jason Sears to third
Runner from 3rd tries for Home, SAFE, throw made home
Al Williamson to second
Batting: SHB Marvin MacGeoch 0-0: Ball
1-0: Swinging Strike
1-1: Foul Ball, location: 2F
1-2: Strikes out swinging
Batting: RHB Alan Mercado 0-0: Ball
1-0: Called Strike
1-1: Ball
2-1: Called Strike
2-2: Strikes out looking
Top of the 9th over - 1 run(s), 1 hit(s), 0 error(s), 1 left on base; Boston College 6 - Cincinnati 6
BOTTOM OF THE 9TH
Cincinnati Bearcats batting - Pitching for Boston College Eagles : RHP Donnie Carpenter
Batting: RHB Dave Sawyer 0-0: SINGLE (Line Drive, 78S)
Batting: LHB Caleb Ruíz 0-0: Ball
Dave Sawyer is caught stealing 2nd base
1-0: Called Strike
1-1: Ball
2-1: Ball
3-1: Called Strike
3-2: Base on Balls
Batting: SHB Troy Abreu 0-0: Called Strike
0-1: Foul Ball, location: 2F
0-2: Strikes out swinging
Pinch Hitting: RHB Craig Porter 0-0: Called Strike
0-1: Ball
1-1: Called Strike
1-2: Foul Ball, location: 2F
1-2: Ball
2-2: Ball
3-2: Foul Ball, location: 2F
3-2: Foul Ball, location: 2F
3-2: Strikes out swinging, 2-3 out at first.
Bottom of the 9th over - 0 run(s), 1 hit(s), 0 error(s), 1 left on base; Boston College 6 - Cincinnati 6
TOP OF THE 10TH
Boston College Eagles batting - Pitching for Cincinnati Bearcats : RHP Frank Scott
Now at 3B: Phil Poole
Batting: RHB Armando Blanco 0-0: Ball
1-0: Ball
2-0: Foul Ball, location: 2F
2-1: Ball
3-1: Base on Balls
Batting: RHB Justin Waterston 0-0: Ball
1-0: 2-RUN HOME RUN (Line Drive, 78XD), Distance : 378 ft
Pitching: RHP Chris Horne
Batting: LHB Rafael Yan 0-0: Called Strike
0-1: Ball
1-1: Ball
2-1: Ball
3-1: Base on Balls
Batting: LHB Dave Thompson 0-0: Ball
1-0: Called Strike
1-1: Foul Ball, location: 2F
1-2: Strikes out looking
Batting: RHB Jason Sears 0-0: Foul Ball, location: 2F
0-1: Called Strike
0-2: Ball
1-2: Foul Ball, location: 2F
1-2: Ball
2-2: Foul Ball, location: 2F
2-2: Strikes out swinging
Batting: LHB Juan Cuestas 0-0: Foul Ball, location: 2F
0-1: Foul Ball, location: 2F
0-2: Foul Ball, location: 2F
0-2: Strikes out swinging
Top of the 10th over - 2 run(s), 1 hit(s), 0 error(s), 1 left on base; Boston College 8 - Cincinnati 6
BOTTOM OF THE 10TH
Cincinnati Bearcats batting - Pitching for Boston College Eagles : RHP Donnie Carpenter
Pitching: RHP Vincente García
Batting: SHB Pete Potter 0-0: Ball
1-0: Called Strike
1-1: Swinging Strike
1-2: Foul Ball, location: 2F
1-2: Foul Ball, location: 2F
1-2: Fly out, F1 (Popup, 15)
Batting: RHB Ed Fuhrman 0-0: Ball
1-0: Swinging Strike
1-1: Called Strike
1-2: Ball
2-2: Ball
3-2: Base on Balls
Batting: RHB Henry Haines 0-0: Ball
1-0: Fly out, F9 (Flyball, 9S)
Batting: SHB Miguel Price 0-0: Ball
1-0: Ball
2-0: Ball
3-0: Called Strike
3-1: Base on Balls
Ed Fuhrman to second
Batting: RHB Dave Richards 0-0: Foul Ball, location: 2F
0-1: Ball
Passed Ball!
Ed Fuhrman to third
Miguel Price to second
1-1: Ball
2-1: Ball
3-1: Foul Ball, location: 2F
3-2: Foul Ball, location: 2F
3-2: Foul Ball, location: 2F
3-2: Foul Ball, location: 2F
3-2: Base on Balls
Batting: RHB Dave Sawyer 0-0: Ball
1-0: Called Strike
1-1: Called Strike
1-2: SINGLE (Line Drive, 6D)
Ed Fuhrman scores
Miguel Price to third
Dave Richards to second
Runner from 3rd tries for Home, throw and OUT!
Bottom of the 10th over - 1 run(s), 1 hit(s), 0 error(s), 2 left on base; Boston College 8 - Cincinnati 7
Thursday, March 30th, 2017 - OOTP Baseball 17.12 Build 75